 Dungeon Crawl Stone Soup version 0.28.0-45-g0d030f2227 (webtiles) character file.

Game seed: 14287874844691843005

269 Arpeggio the Covered (level 6, -4/53 HPs)
             Began as a Minotaur Fighter on May 11, 2022.
             Was an Initiate of Cheibriados.
             Killed by nerve-wracking pain
             ... invoked by Grinder
              (12 damage)
             ... on level 4 of the Dungeon.
             The game lasted 00:08:36 (3536 turns).

Arpeggio the Covered (Minotaur Fighter)             Turns: 3536, Time: 00:08:37

Health: -4/53      AC:  8    Str: 23    XL:     6   Next: 1%
Magic:  5/5        EV: 10    Int:  6    God:    Cheibriados [......]
Gold:   128        SH:  4    Dex: 11    Spells: 5/5 levels left

rFire   . . .      SeeInvis .   a - +0 flail
rCold   . . .      Faith    .   c - +0 buckler
rNeg    . . .      Spirit   .   b - +1 scale mail
rPois   .          Reflect  .   (helmet restricted)
rElec   .          Harm     .   (no cloak)
rCorr   .          Rampage  .   (no gloves)
Will    .....                   (no boots)
Stlth   ..........              (no amulet)
HPRegen 0.17/turn               (no ring)
MPRegen 0.09/turn               (no ring)

@: very slow
A: horns 2, retaliatory headbutt
a: Renounce Religion


You were on level 4 of the Dungeon.
You worshipped Cheibriados.
Cheibriados was noncommittal.
You visited 1 branch of the dungeon, and saw 4 of its levels.

You collected 128 gold pieces.

Inventory:

Hand Weapons
 a - a +0 flail (weapon)
 k - a +1 short sword of venom
Missiles
 e - 2 throwing nets (quivered)
Armour
 b - a +1 scale mail (worn)
 c - a +0 buckler (worn)
Wands
 l - a wand of flame (11)
 n - a wand of iceblast (10)
Scrolls
 f - a scroll of amnesia
 g - a scroll of enchant armour
 h - a scroll of fog {unknown}
 j - a scroll of silence
 o - a scroll of identify
Potions
 d - a potion of might
 i - 2 potions of haste {unknown}
 m - a potion of brilliance {unknown}


   Skills:
 + Level 4.6 Fighting
 + Level 4.7 Maces & Flails
 + Level 5.3 Armour
 + Level 1.8 Dodging
 + Level 0.2 Stealth
 + Level 4.3 Shields


You had 5 spell levels left.
You didn't know any spells.
Your spell library contained the following spells:

 Spells                   Type           Power      Damage    Failure   Level
 Beastly Appendage        Tmut           0%         N/A       83%         1


Dungeon Overview and Level Annotations

Branches:
Dungeon (4/15)             Temple (0/1) D:4

Altars:
Cheibriados
Dithmenos
Fedhas
Kikubaaqudgha
Nemelex Xobeh
Okawaru
Qazlal
Trog
Vehumet
Xom
Yredelemnul

Shops:
D:2 !

Annotations:
D:4 Grinder


Innate Abilities, Weirdness & Mutations

You have a pair of horns on your head.
You reflexively headbutt those who attack you in melee.


Message History

Grinder is moderately wounded.
Grinder hits you. Grinder hits you!
You writhe in agony.
You hit Grinder.
Grinder is heavily wounded.
Grinder completely misses you.
You hit Grinder but do no damage.
Grinder is heavily wounded.
Grinder hits you.
You writhe in agony.
You closely miss Grinder.
Grinder is heavily wounded.
Grinder grins, showing sharp teeth.
You block Grinder's attack. Grinder hits you but does no damage.
You sock Grinder!
Grinder is severely wounded.
Grinder hits you but does no damage.
You hit Grinder but do no damage.
Grinder is severely wounded.
You block Grinder's attack.
You barely miss Grinder.
Grinder is severely wounded.
Grinder hits you but does no damage.
You barely miss Grinder.
Grinder is severely wounded.
Grinder hits you.
You writhe in agony.
You barely miss Grinder.
Grinder is severely wounded.
Grinder hits you.
You writhe in agony.
* * * LOW HITPOINT WARNING * * *
Grinder closely misses you.
You hit Grinder. Your headbutt misses Grinder.
Grinder is severely wounded.
Grinder blinks!
Grinder gestures at you. You resist with significant effort.
Grinder gestures at you. Pain shoots through your body!
* * * LOW HITPOINT WARNING * * *
Grinder gestures at you. Pain shoots through your body!
You die...

## .# .. .# .#
####.# # #....#.#
#.#@...#
#.#5#############
#...............####
###.##..............
#'##.#..........##
...#.#..........#
<...#.#..........#
#....#.#............
#....#.########'#.##


You could see Grinder.

Vanquished Creatures
  An ogre (D:4)
  A hound (D:3)
  An iguana (D:4)
  Jessica (D:2)
  Ijyb (D:4)
  2 adders
  A dart slug (D:1)
  2 worms (D:4)
  3 ball pythons
  6 bats
  5 endoplasms
  6 goblins
  2 hobgoblins (D:1)
  7 jackals
  2 quokkas (D:1)
  A frilled lizard (D:3)
  10 kobolds
  5 rats (D:1)
57 creatures vanquished.

Notes
Turn   | Place    | Note
-------+----------+-------------------------------------------
     0 | D:1      | Arpeggio the Minotaur Fighter began the quest for the Orb.
     0 | D:1      | Reached XP level 1. HP: 19/19 MP: 0/0
    35 | D:1      | Reached skill level 4 in Armour
    35 | D:1      | Reached XP level 2. HP: 3/27 MP: 1/1
   658 | D:1      | Found a faded altar of an unknown god.
   808 | D:1      | Got Plato's Collected Works on Moulding
  1042 | D:1      | Reached XP level 3. HP: 30/33 MP: 2/2
  1486 | D:2      | Noticed Jessica
  1487 | D:2      | Found a basalt altar of Yredelemnul.
  1516 | D:2      | Killed Jessica
  1517 | D:2      | Reached skill level 1 in Dodging
  1517 | D:2      | Reached XP level 4. HP: 4/40 MP: 3/3
  1806 | D:2      | Found Ezxoz's Distillery.
  2496 | D:3      | Found a snail-covered altar of Cheibriados.
  2496 | D:3      | Found a shimmering altar of Xom.
  2496 | D:3      | Found a blossoming altar of Fedhas.
  2501 | D:3      | Found a bloodstained altar of Trog.
  2504 | D:3      | Found a sparkling altar of Nemelex Xobeh.
  2507 | D:3      | Found a radiant altar of Vehumet.
  2509 | D:3      | Found a stormy altar of Qazlal.
  2511 | D:3      | Found an ancient bone altar of Kikubaaqudgha.
  2514 | D:3      | Found a shadowy altar of Dithmenos.
  2517 | D:3      | Found a basalt altar of Yredelemnul.
  2519 | D:3      | Found an iron altar of Okawaru.
  2548 | D:3      | Became a worshipper of Cheibriados the Contemplative
  2743 | D:4      | Reached XP level 5. HP: 25/47 MP: 4/4
  2804 | D:4      | Reached skill level 5 in Armour
  2980 | D:4      | Found a staircase to the Ecumenical Temple.
  3032 | D:4      | Noticed an ogre
  3041 | D:4      | Killed an ogre
  3065 | D:4      | Noticed Ijyb
  3077 | D:4      | Killed Ijyb
  3349 | D:4      | Reached XP level 6. HP: 40/53 MP: 5/5
  3515 | D:4      | Noticed Grinder
  3536 | D:4      | Killed from afar by Grinder

Illustrated notes

Levels and vault maps discovered:
D:1:      tarquinn_simple_flora_water_e, layout_loops_ring,
          shapermc_ecumenical_altar_rom_forum
D:2:      layout_basic, serial_shops, nicolae_shop_crystal, basic_altar,
          due_unseen_surprise, uniq_jessica
D:3:      layout_loops_cross, nicolae_overflow_hallway_of_the_gods
D:4:      layout_basic, mainiacjoe_overflow_six_doors_small,
          minmay_temple_entry_purple_smoke, uniq_grinder, uniq_ijyb

Skill      XL: |  1  2  3  4  5 |
---------------+----------------+-----
Armour         | 4 5 |  5.3
Fighting       | 4 |  4.6
Maces & Flails | 3 4 |  4.7
Dodging        | 1 |  1.8
Shields        | 4 |  4.3
Stealth        | |  0.2

Action                   |  1- 3 |  4- 6 || total
-------------------------+-------+-------++-------
Melee: Flail             |    86 |    70 ||   156
       Headbutt          |    10 |     5 ||    15
  Use: Scroll            |     1 |     5 ||     6
       Potion            |       |     1 ||     1
Armor: Scale mail        |    64 |    34 ||    98
Dodge: Dodged            |    55 |    34 ||    89
Block: Buckler           |    38 |    15 ||    53
